 Dungeon Crawl Stone Soup version 0.29.1-1-gd02db6906a (webtiles) character file.

Game seed: 13914371961755366058

227 xian the Stinger (level 5, -3/36 HPs)
             Began as a Demonspawn Venom Mage on Oct 6, 2022.
             Slain by an ogre
             ... wielding a +0 giant club
              (19 damage)
             ... on level 5 of the Dungeon.
             The game lasted 00:11:18 (3517 turns).

xian the Stinger (Demonspawn Venom Mage)            Turns: 3517, Time: 00:11:18

Health: -3/36      AC:  6    Str:  8    XL:     5   Next: 70%
Magic:  7/9        EV: 12    Int: 19    God:
Gold:   192        SH:  0    Dex: 13    Spells: 4/10 levels left

rFire   . . .      SeeInvis .   g - +0 mace
rCold   . . .      Faith    .   (no shield)
rNeg    . . .      Spirit   .   a - +0 robe
rPois   .          Reflect  .   j - +0 helmet
rElec   .          Harm     .   o - +2 cloak
rCorr   .          Rampage  .   (no gloves)
Will    .....                   (no boots)
Stlth   ++........              (no amulet)
HPRegen 0.12/turn               (no ring)
MPRegen 0.11/turn               (no ring)

@: no status effects
A: weakness stinger 2
a: no special abilities


You were on level 5 of the Dungeon.
You visited 1 branch of the dungeon, and saw 5 of its levels.

You collected 192 gold pieces.

Inventory:

Hand Weapons
 g - a +0 mace (weapon)
Armour
 a - a +0 robe (worn)
 j - a +0 helmet (worn)
 o - a +2 cloak (worn)
Scrolls
 c - 2 scrolls of identify {unknown}
 d - a scroll of fog {unknown}
 f - a scroll of noise {unknown}
 h - a scroll of silence {unknown}
 l - a scroll of enchant weapon {unknown}
 n - a scroll of teleportation {unknown}
 p - 2 scrolls of fear {unknown}
Potions
 b - a potion of magic
 e - a potion of degeneration {unknown}
 i - 3 potions of curing
 k - a potion of lignification {unknown}
 m - a potion of cancellation


   Skills:
 + Level 0.8 Fighting
 + Level 1.0 Maces & Flails
 + Level 2.3 Dodging
 + Level 2.2 Stealth
 + Level 0.1 Unarmed Combat
 + Level 3.3 Spellcasting
 + Level 1.8 Transmutations
 + Level 0.5 Air Magic
 + Level 4.3 Poison Magic


You had 4 spell levels left.
You knew the following spells:

 Your Spells              Type           Power      Damage    Failure   Level
a - Sting                 Tmut/Pois      56%        1d5       4%          1
b - Poisonous Vapours     Pois/Air       24%        N/A       9%          2
c - Mephitic Cloud        Conj/Pois/Air  9%         N/A       22%         3

Your spell library contained the following spells:

 Spells                   Type           Power      Damage    Failure   Level
 Olgreb's Toxic Radiance  Pois           19%        N/A       26%         4


Dungeon Overview and Level Annotations

Branches:
Dungeon (5/15)
 Temple: D:4-7

Altars:
Okawaru
Xom


Innate Abilities, Weirdness & Mutations

You have a tail ending in a sharp stinger.


Message History

You feel sick.
A hobgoblin comes into view.
You feel sick.
A quokka comes into view.
Found a stone staircase leading down.
You feel sick.
You feel sick.
You feel sick.
Found a yellow potion.
You feel sick.
You are no longer poisoned.
The quokka twitches its whiskers.
A hound comes into view.
Found an escape hatch in the floor.
Found a pair of glowing gloves.
Found a stone staircase leading down.
There is a stone staircase leading down here.
Magic restored.
You climb downwards.
Found a quarterstaff.
There is a stone staircase leading up here.
The helpless ogre fails to defend itself.
You hit the ogre.
You tail-slap the ogre, but do no damage.
The ogre is lightly wounded.
The ogre closely misses you.
Casting: Poisonous Vapours (safe; 9% risk of failure)
Confirm with . or Enter, or press ? or * to list all spells.
Aiming: Sting (safe; 4% risk of failure)
Press: ? - help, Shift-Dir - straight line, f - ogre
Aim: an ogre, wielding a +0 giant club (lightly wounded, 86% to hit)
The sting hits the ogre.
The ogre is poisoned.
The ogre is moderately wounded.
Casting: Sting (safe; 4% risk of failure)
Confirm with . or Enter, or press ? or * to list all spells.
Aiming: Sting (safe; 4% risk of failure)
Press: ? - help, Shift-Dir - straight line, f/p - ogre
Aim: an ogre, wielding a +0 giant club (moderately wounded, poisoned, 86% to hit)
The sting hits the ogre.
The ogre looks even sicker.
The ogre is moderately wounded.
The ogre hits you with a +0 giant club!!
Ouch! That really hurt!
You die...

#. .. #. #
###.### .#
##.....# .#
#.#......#..##
.............##
.......@.......
......O....###.
##........##
##.......#
#h.......
#.........
#).........
...........#


You could see an ogre (very poisoned) and a howler monkey (asleep).

Vanquished Creatures
  A scorpion (D:4)
  Natasha (thrice) (D:3)
  3 adders (D:2)
  3 worms
  3 dart slugs (D:1)
  7 endoplasms
  3 giant cockroaches
  3 goblins
  2 hobgoblins (D:1)
  3 jackals (D:1)
  3 quokkas
  3 ball pythons
  4 bats
  4 frilled lizards (D:1)
  6 kobolds
  A rat (D:2)
52 creatures vanquished.

Notes
Turn   | Place    | Note
-------+----------+-------------------------------------------
     0 | D:1      | xian the Demonspawn Venom Mage began the quest for the Orb.
     0 | D:1      | Reached XP level 1. HP: 13/13 MP: 3/3
   698 | D:1      | Gained mutation: You have a small tail. [demonic ancestry]
   698 | D:1      | Reached XP level 2. HP: 19/19 MP: 0/5
   975 | D:1      | Reached skill level 1 in Transmutations
  1341 | D:1      | Gained mutation: You have a tail ending in a sharp stinger.
                  | [demonic ancestry]
  1341 | D:1      | Reached XP level 3. HP: 23/24 MP: 2/6
  1641 | D:2      | Learned a level 2 spell: Poisonous Vapours
  1645 | D:2      | Learned a level 3 spell: Mephitic Cloud
  1907 | D:2      | Reached XP level 4. HP: 9/31 MP: 0/7
  2700 | D:3      | Noticed Natasha
  2712 | D:3      | Killed Natasha
  2713 | D:3      | Reached skill level 4 in Poison Magic
  2722 | D:3      | Noticed Natasha
  2736 | D:3      | HP: 1/31 [Natasha (5)]
  2740 | D:3      | Killed Natasha
  2741 | D:3      | Reached XP level 5. HP: 7/36 MP: 0/9
  3091 | D:3      | Noticed Natasha
  3100 | D:3      | Killed Natasha
  3231 | D:3      | Found an iron altar of Okawaru.
  3286 | D:3      | Found a shimmering altar of Xom.
  3501 | D:4      | Noticed an ice beast
  3503 | D:4      | Reached skill level 1 in Maces & Flails
  3514 | D:5      | Entered Level 5 of the Dungeon
  3514 | D:5      | Noticed an ogre
  3517 | D:5      | Slain by an ogre

Illustrated notes

Levels and vault maps discovered:
D:1:      dpeg_arrival_tiny_k, layout_loops_corners,
          wander_ebering_terrifying_dragon_lair
D:2:      layout_rooms
D:3:      wander_river, layout_rooms, general_overflow_altar,
          mainiacjoe_overflow_six_doors_small, uniq_natasha
D:4:      layout_cave_pools, kennysheep_generic_room_11
D:5:      layout_cave_pools, led_sif_book, dk_noncrumbling_2,
          uniq_blork_the_orc, uniq_ijyb, uniq_crazy_yiuf_cottage

Skill      XL: |  1  2  3  4  5 |
---------------+----------------+-----
Stealth        | 2 |  2.2
Transmutations | 1 |  1.8
Dodging        | 2 |  2.3
Poison Magic   | 4 |  4.3
Spellcasting   | 3 |  3.3
Maces & Flails | 1 |  1.0
Fighting       | |  0.8
Unarmed Combat | |  0.1
Air Magic      | |  0.5

Action                   |  1- 3 |  4- 6 || total
-------------------------+-------+-------++-------
Melee: Club              |    12 |       ||    12
       Unarmed           |    12 |       ||    12
       Mace              |    51 |    29 ||    80
       Tailslap          |     7 |     5 ||    12
 Cast: Sting             |    37 |    31 ||    68
       Poisonous Vapours |     2 |    14 ||    16
  Use: Potion            |     1 |     2 ||     3
 Stab: Sleeping          |     2 |     1 ||     3
Armor: Robe              |    23 |    14 ||    37
Dodge: Dodged            |    80 |    27 ||   107
